 Dungeon Crawl Stone Soup version 0.19-a0-277-g85cb9a5 (webtiles) character file.

60 epen the Magician (level 3, -2/26 HPs)
             Began as a Demonspawn Wanderer on May 26, 2016.
             Slain by Sigmund
             ... wielding a +0 scythe
              (3 damage)
             ... on level 2 of the Dungeon.
             The game lasted 00:02:02 (1266 turns).

epen the Magician (Demonspawn Wanderer)             Turns: 1266, Time: 00:02:02

Health: -2/26      AC:  4    Str: 13    XL:     3   Next: 80%
Magic:  7/7        EV: 12    Int: 11    God:
Gold:   58         SH:  0    Dex: 14    Spells: 0 memorised, 8 levels left

rFire  . . .     SeeInvis .       - Unarmed
rCold  . . .     Gourm    .     d - +0 robe
rNeg   . . .     Faith    .     (no shield)
rPois  .         Spirit   .     (no helmet)
rElec  .         Dismiss  .     (no cloak)
rCorr  .         Reflect  .     (no gloves)
SustAt .         Harm     .     (no boots)
MR     .....                    (no amulet)
Stlth  +.........               (no ring)
                                (no ring)

@: confused, not resistant to hostile enchantments, very unstealthy
A: slimy green scales 1
a: no special abilities


You were on level 2 of the Dungeon.
You were not hungry.

You visited 1 branch of the dungeon, and saw 2 of its levels.

You collected 58 gold pieces.

Inventory:

Hand Weapons
 e - a +0 dagger
Armour
 d - a +0 robe (worn)
Wands
 a - a wand of enslavement (15/24)
 n - a wand of random effects (30/48)
Scrolls
 h - a scroll of remove curse {unknown}
 i - a scroll of amnesia {unknown}
 j - 3 scrolls of identify {unknown}
 l - 2 scrolls of random uselessness {unknown}
 m - a scroll of recharging {unknown}
 p - a scroll of enchant armour {unknown}
Potions
 g - a potion of haste {unknown}
 o - a potion of agility {unknown}
 q - a potion of degeneration {unknown}
Books
 b - the Volume of Calling

   Spells                             Type                      Level
   a - Summon Butterflies             Summoning                    1
   b - Recall                         Summoning/Translocation      3
Comestibles
 f - a bread ration
 k - 4 fruits


   Skills:
 + Level 1.5 Fighting
 * Level 1.4 Armour
 + Level 1.7 Dodging
 - Level 1.7 Stealth
 * Level 2.5 Unarmed Combat
 - Level 3.0 Spellcasting
 + Level 1.3 Evocations


You had 8 spell levels left.
You didn't know any spells.

Dungeon Overview and Level Annotations

Branches:
Dungeon (2/15)

Altars:

Annotations:
D:2 Sigmund


Innate Abilities, Weirdness & Mutations

You are partially covered in slimy green scales. (AC +2)


Message History

You see here a stone.
The kobold closely misses you. Sigmund gestures at you while chanting.
You are more confused.
You see here 4 stones.
You hit Sigmund.
Sigmund is severely wounded.
The kobold hits you but does no damage.
Sigmund gestures wildly while chanting.
Sigmund flickers and vanishes!
Deactivating autopickup; reactivate with Ctrl-A.
You bump into the rock wall.
The kobold barely misses you. Something hits you.
* * * LOW HITPOINT WARNING * * *
You completely miss something. The kobold closely misses you.
You barely miss something. The kobold closely misses you. Something hits you.
* * * LOW HITPOINT WARNING * * *
You bump into the rock wall.
The kobold hits you.
* * * LOW HITPOINT WARNING * * *
Something hits you.
You die...

....# #.##.# #.##.#.......#
....####....######.##.#.........
.................#....#......###
....############..#####......#
....# ##.## ##### #..#
#########(#### .......K(((.(#
.......@{....# ............(#
............(# .............#
.............# ...............
............... ................


You could see a kobold.

Vanquished Creatures
  Jessica (D:2)
  A dart slug (D:2)
  2 giant cockroaches (D:1)
  4 goblins (D:1)
  5 hobgoblins
  4 jackals (D:1)
  3 kobolds
  3 bats (D:1)
  4 giant newts (D:1)
  2 rats (D:1)
29 creatures vanquished.

Notes
Turn   | Place    | Note
--------------------------------------------------------------
     0 | D:1      | epen the Demonspawn Wanderer began the quest for the Orb.
     0 | D:1      | epen set off with: a wand of enslavement (15/24), the Volume of Calling, a potion of curing, a +0 robe, a +0 dagger, a bread ration
     0 | D:1      | Reached XP level 1. HP: 15/15 MP: 4/4
     0 | D:1      | Identified the Volume of Calling
   121 | D:1      | Gained mutation: You are partially covered in slimy green scales. (AC +2) [demonic ancestry]
   121 | D:1      | Reached XP level 2. HP: 18/21 MP: 6/6
   367 | D:1      | Reached skill level 1 in Armour
   880 | D:1      | Reached XP level 3. HP: 26/26 MP: 7/7
   900 | D:2      | Noticed Jessica
   933 | D:2      | Killed Jessica
  1231 | D:2      | Noticed Sigmund
  1265 | D:2      | HP: 1/26 [kobold (3)]
  1266 | D:2      | Slain by Sigmund

Vault maps used:
D:1:      dpeg_arrival_arbitrary_a
D:2:      uniq_sigmund, uniq_jessica

Skill      XL: |  1  2 |
---------------+-------+-----
Unarmed Combat | 2 |  2.5
Armour         | 1 |  1.4
Fighting       | |  1.5
Dodging        | |  1.7
Stealth        | |  1.7
Spellcasting   | |  3.0
Evocations     | |  1.3

Action                   || total
-------------------------++-------
Melee: Unarmed           ||   182
       Dagger            ||     2
       Punch             ||     1
  Use: Potion            ||     2
 Stab: Sleeping          ||     2
  Eat: Chunk             ||     1
Armor: Robe              ||    52
Dodge: Dodged            ||   126
